 Dungeon Crawl Stone Soup version 0.26.0-10-g1f06aea511 (webtiles) character file.

Game seed: 10274652155714602057

1447 inc the Covert (level 8, -11/34 HPs)
             Began as a Felid Monk on Jan 30, 2021.
             Was a Priest of Dithmenos.
             Shot with an arrow by a centaur warrior (19 damage)
             ... on level 9 of the Dungeon.
             The game lasted 00:12:13 (9033 turns).

inc the Covert (Felid Monk)                         Turns: 9033, Time: 00:12:14

Health: -11/34     AC:  2    Str:  7    XL:     8   Next: 46%
Magic:  9/9        EV: 31    Int: 11    God:    Dithmenos [***...]
Gold:   201        SH:  0    Dex: 21    Spells: 7/7 levels left
                                        Lives:  0   Deaths: 2

rFire    + . .     SeeInvis +     - Unarmed
rCold    + . .     Faith    +   (shield unavailable)
rNeg     . . .     Spirit   .   (armour unavailable)
rPois    +         Reflect  .   (helmet unavailable)
rElec    +         Harm     .   (cloak unavailable)
rCorr    +         Rampage  .   (gloves unavailable)
Will     +....                  (boots unavailable)
Stlth    ++++++++..             e - amulet of faith
HPRegen  0.11/turn              g - +4 ring of evasion
MPRegen  0.11/turn              (no ring)

@: resistant, very slightly contaminated, wreathed by umbra, invisible, quick
A: very small, no armour, no weapons or thrown items, stealth, claws 1, fangs 3,
see invisible, speed 1, shaggy fur 2, sharp paws
a: Renounce Religion, Shadow Step


You were on level 9 of the Dungeon.
You worshipped Dithmenos.
Dithmenos was most pleased with you.
You visited 2 branches of the dungeon, and saw 10 of its levels.

You collected 289 gold pieces.
You spent 88 gold pieces at shops.

Inventory:

Jewellery
 e - an amulet of faith (around neck)
 g - a +4 ring of evasion (left paw)
 w - an uncursed ring of resist corrosion {unknown}
 A - an uncursed ring of poison resistance {unknown}
 B - a cursed -4 ring of dexterity {unknown}
Wands
 q - a wand of paralysis (11)
 s - a wand of disintegration (13)
 u - a wand of random effects (6)
 z - a wand of acid (3)
Scrolls
 a - 5 scrolls of identify
 b - 3 scrolls of enchant armour {unknown}
 c - 3 scrolls of immolation {unknown}
 d - 6 scrolls of teleportation {unknown}
 j - 4 scrolls of remove curse {unknown}
 m - a scroll of fear {unknown}
 p - a scroll of fog {unknown}
 r - a scroll of blinking {unknown}
 y - 3 scrolls of magic mapping {unknown}
Potions
 f - a potion of brilliance
 h - 7 potions of curing
 i - a potion of lignification
 l - a potion of cancellation
 n - 2 potions of might
 o - a potion of mutation
 t - a potion of attraction {unknown}
 v - a potion of flight {unknown}
 x - a potion of resistance


   Skills:
 - Level 3.0 Fighting
 - Level 9.9 Dodging
 + Level 12.4 Stealth
 - Level 7.5 Unarmed Combat


You had 7 spell levels left.
You didn't know any spells.
Your spell library was empty.

Dungeon Overview and Level Annotations

Branches:
Dungeon (9/15)             Temple (1/1) D:6
   Lair: D:8-11         Orc: D:9-12

Altars:
Ashenzari
Cheibriados
Dithmenos
Elyvilon
Fedhas
Gozag
Hepliaklqana
Kikubaaqudgha
Makhleb
Nemelex Xobeh
Okawaru
Qazlal
Ru
Sif Muna
Trog
Uskayaw
Vehumet
Wu Jian
Xom
Yredelemnul
Zin
The Shining One

Shops:
D:4 !   D:8 *

Annotations:
D:6 1 runed translucent door, Crazy Yiuf, Prince Ribbit
D:8 Grum


Innate Abilities, Weirdness & Mutations

You cannot wear armour.
You are incapable of wielding weapons or throwing items.
Your paws allow you to move quietly. (Stealth)
You have sharp claws.
You have razor-sharp teeth.
You have supernaturally acute eyesight. (SInv)
You cover ground quickly.
You are covered in thick fur. (AC +2)
Your sharp claws are effective at attacking unaware monsters.


Message History

The white ugly thing is severely wounded.
The white ugly thing barely misses you.
You closely miss the white ugly thing.
The white ugly thing is severely wounded.
The centaur warrior shoots an arrow.
The arrow hits the adder!!
The adder dies!
You scratch the white ugly thing.
The white ugly thing is severely wounded.
The white ugly thing closely misses you.
The centaur warrior shoots an arrow.
The arrow hits the wyvern zombie!
You catch the helpless white ugly thing completely off-guard!
You mangle the white ugly thing!!
You kill the white ugly thing!
Dithmenos accepts your kill.
The centaur warrior shoots an arrow.
The arrow hits the wyvern zombie!!
The wyvern zombie is destroyed!
Your Stealth skill increases to level 12!
The centaur warrior shoots an arrow.
The arrow hits you!!
Ouch! That really hurt!
You die...

. ..# .#.. # #.# ⌠....#.
#.# .. #.....###.# ..⌠
.........## ### #.#
###.###....## ##..
#..#?...(#..#..## ##... .#
...#....c#..##..#######....
..#
#...?...@......(........#
#..
.#....(#.(##....##.....##
..# #:..(/#..##############
###.#####.###..#
#...S.#........#
#.#.....#........#
#.r....r...#######
#.#....Z#..# #.....#.##


You could see a centaur warrior.

Vanquished Creatures
  An ugly thing (D:9)
  Eustachio (D:6)
  Menkaure (D:5)
  A water moccasin (D:8)
  3 sky beasts (D:7)
  3 phantoms
  An ice beast (D:8)
  A black bear (D:8)
  A centaur (D:5)
  A big kobold (D:7)
  Blork the orc (D:6)
  A bullfrog (D:6)
  3 scorpions
  4 wights (D:7)
  2 howler monkeys
  2 jellies
  A centaur zombie (D:5)
  2 hounds
  A centaur skeleton (D:9)
  4 orc wizards
  A bullfrog skeleton (D:6)
  An iguana (D:5)
  2 worker ants
  A killer bee zombie (D:6)
  2 hound skeletons
  2 howler monkey skeletons
  12 adders
  2 gnolls (D:8)
  3 shadow imps (D:7)
  A white imp (D:5)
  2 ufetubi (D:7)
  2 oozes
  An adder skeleton (D:4)
  6 worms
  A dart slug (D:5)
  3 leopard geckos
  16 orcs
  2 ball pythons
  5 giant cockroaches
  8 goblins
  7 hobgoblins
  14 jackals
  3 quokkas
  5 bats
  5 frilled lizards
  13 kobolds
  A leopard gecko skeleton (D:2)
  A quokka zombie (D:5)
  2 rats (D:3)
159 creatures vanquished.

Vanquished Creatures (others)
  A wyvern zombie (D:9)
  An adder (D:9)
  A jackal (D:9)
3 creatures vanquished.

Grand Total: 162 creatures vanquished

Notes
Turn   | Place    | Note
-------+----------+-------------------------------------------
     0 | D:1      | inc the Felid Monk began the quest for the Orb.
     0 | D:1      | Reached XP level 1. HP: 10/10 MP: 2/2
   165 | D:1      | Reached XP level 2. HP: 11/14 MP: 3/3
  1012 | D:2      | You fall into a shaft and drop 2 floors!
  1058 | D:5      | Entered Level 5 of the Dungeon
  1198 | D:5      | Reached skill level 5 in Dodging
  1198 | D:5      | Reached XP level 3. HP: 13/17 MP: 4/4
  1271 | D:5      | Noticed a centaur
  1287 | D:5      | Killed a centaur
  1288 | D:5      | Reached XP level 4. HP: 21/21 MP: 5/5
  1445 | D:4      | Noticed a phantom
  1491 | D:4      | Killed a phantom
  1492 | D:4      | Reached XP level 5. HP: 22/24 MP: 6/6
  1746 | D:4      | Reached skill level 5 in Unarmed Combat
  1831 | D:4      | Gained mutation: You are covered in thick fur. (AC +2)
                  | [Felid growth]
  1831 | D:4      | Reached XP level 6. HP: 10/28 MP: 7/7
  3145 | D:2      | Found a broken altar of Ashenzari.
  4488 | D:4      | Found Burr's Distillery.
  4502 | D:4      | Bought 2 potions of might for 88 gold pieces
  4894 | D:5      | Reached XP level 7. HP: 28/31 MP: 8/8
  5009 | D:5      | Found the +6 lightning scales {run, rElec}
  5634 | D:6      | Noticed Menkaure
  5634 | D:6      | Noticed Prince Ribbit
  5770 | D:5      | Killed Menkaure
  6221 | D:6      | Found a staircase to the Ecumenical Temple.
  6397 | Temple   | Entered the Ecumenical Temple
  6580 | Temple   | Became a worshipper of Dithmenos the Shadowed
  6580 | Temple   | Reached * piety under Dithmenos
  6580 | Temple   | Reached ** piety under Dithmenos
  6716 | D:6      | Noticed Eustachio
  6739 | D:6      | Killed Eustachio
  6740 | D:6      | Reached XP level 8. HP: 27/34 MP: 9/9
  6797 | D:6      | Noticed Blork the orc
  6836 | D:6      | Killed Blork the orc
  6997 | D:6      | Found a runed translucent door.
  6998 | D:6      | Noticed Crazy Yiuf
  7037 | D:6      | Reached skill level 3 in Stealth
  7040 | D:6      | Slain by Prince Ribbit
  7041 | D:6      | Reached XP level 7. HP: 0/31 MP: 8/8
  7374 | D:6      | Reached skill level 4 in Stealth
  7449 | D:6      | Reached skill level 5 in Stealth
  7707 | D:7      | Reached skill level 6 in Stealth
  7741 | D:7      | Reached skill level 7 in Stealth
  7780 | D:7      | Reached XP level 8. HP: 34/34 MP: 9/9
  7784 | D:7      | Reached skill level 8 in Stealth
  7922 | D:7      | Reached skill level 9 in Stealth
  8029 | D:7      | Reached skill level 10 in Stealth
  8226 | D:7      | Reached *** piety under Dithmenos
  8570 | D:8      | Noticed Grum
  8777 | D:8      | Found Kaecsel's Serpentskin Sales.
  8908 | D:8      | Slain by a wolf
  8909 | D:8      | Reached XP level 7. HP: -1/31 MP: 8/8
  8922 | D:8      | Reached skill level 11 in Stealth
  8947 | D:8      | Reached XP level 8. HP: 34/34 MP: 9/9
  9000 | D:9      | Noticed a white ugly thing
  9009 | D:9      | Noticed a centaur warrior
  9032 | D:9      | Killed a white ugly thing
  9033 | D:9      | Reached skill level 12 in Stealth
  9033 | D:9      | Shot with an arrow by a centaur warrior

Illustrated notes

Levels and vault maps discovered:
D:1:      minmay_arrival_four_houses, layout_rooms, interstate_on_off
D:2:      layout_basic, lemuel_round_altar, eino_tiny_chamber
D:3:      layout_basic, minmay_quantized
D:4:      layout_cave_pods, serial_shops, shop, grunt_ministairs_6,
          hangedman_decor_diamond_cutter
D:5:      layout_basic, minmay_starry_boxes
D:6:      layout_basic, minmay_temple_entry_wispy, uniq_crazy_yiuf_cottage,
          uniq_eustachio, uniq_menkaure, uniq_prince_ribbit1, uniq_blork_the_orc
D:7:      layout_loops_ring
D:8:      layout_cave_pods, serial_glass, glass_columns_c, glass_columns_a,
          guppyfry_shop_venom, uniq_grum
D:9:      minmay_the_grid_octo_tiled_octocenter
          [minmay_the_grid_octo_tetromino_candy, minmay_the_grid_octo_pinwheel,
          minmay_the_grid_octo_thin_diamonds, minmay_the_grid_octo_chip,
          minmay_the_grid_octo_prize_star, minmay_the_grid_square_5x5_corner,
          minmay_the_grid_square_5x5_inner_i,
          minmay_the_grid_square_5x5_intrusive_squares,
          minmay_the_grid_square_5x5_misaligned], layout_rooms, orc_0_dummy,
          amcnicky_mini_rare_corridor_liquid, minmay_chambers_of_fives
Temple:   minmay_crystal_snake_temple

Skill      XL: |  1  2  3  4  5  6  7  8 |
---------------+-------------------------+-----
Dodging        | 5 6 7 8 9 |  9.9
Unarmed Combat | 4 5 6 7 |  7.5
Stealth        | 11 12 | 12.4
Fighting       | |  3.0

Action                   |  1- 3 |  4- 6 |  7- 9 || total
-------------------------+-------+-------+-------++-------
Melee: Unarmed           |    95 |   202 |   309 ||   606
       Bite              |    10 |    17 |    29 ||    56
       Punch             |       |     8 |     5 ||    13
  Use: Scroll            |       |     6 |     1 ||     7
       Potion            |       |     1 |     2 ||     3
 Stab: Sleeping          |     2 |    11 |    19 ||    32
       Distracted        |       |       |     2 ||     2
       Invisible         |       |       |     2 ||     2
Armor: Skin              |     6 |     5 |     6 ||    17
Dodge: Dodged            |    92 |   157 |   247 ||   496
